cohdb
Replays
Latest Replays
All Replays
Popular Replays
Top Player Replays
Match Explorer
How It Works
Community
CoH3 Stats
Reddit
Sign in to upload your games and track your stats! →
Sign in with Steam
Match 40002319
Unlisted
Match 40002319
Overview
Messages
Build Orders
End
Construct Section Command Post
Selects Canadian Shock Battlegroup
Dingo Light Scout Car
Vickers Machine Gun Team
Vickers Machine Gun Team
Selects Offensive Resupply
Selects Canadian Shock Section
Canadian Shock Section
Canadian Shock Section
Construct Platoon Command Post
Selects Smoke Operation
ML 3-inch Mortar Team
Unlock M3 Stuart Light Tanks
M3 Stuart Light Tank
6-pounder Anti-tank Gun Team
Selects Incendiary Munitions
Royal Engineer Section
M3 Stuart Light Tank
Royal Engineer Section
Smoke Operation
Selects Pyrotechnics
M3 Stuart Light Tank
Light Vehicle Training
M3 Stuart Light Tank
M3 Stuart Light Tank
Smoke Operation
Exf
Gravey
PSPSPSPS 〈=^ェ^=〉
白非非
the.dolfini
Gaster
起舞
Пукич
0
0
Comments
sign in to comment!
No comments posted yet!